 Dungeon Crawl Stone Soup version 0.30-b1-2-g02819fbbbe (webtiles) character file.

Game seed: 17052573759513666781

12327 Metae the Protected (level 11, -20/148 HPs)
             Began as a Minotaur Fighter on June 21, 2023.
             Was a High Priest of Okawaru.
             Demolished by Donald
             ... wielding a +2 war axe of freezing
              (38 damage)
             ... on level 2 of the Orcish Mines.
             The game lasted 00:38:53 (10379 turns).

Metae the Protected (Minotaur Fighter)             Turns: 10379, Time: 00:39:00

Health: -20/148    AC: 25    Str: 27    XL:     11   Next: 61%
Magic:  0/14       EV: 14    Int:  3    God:    Okawaru [*****.]
Gold:   767        SH:  7    Dex:  9    Spells: 10/10 levels left

rFire   . . .        B - +7 mace "Natiran" {heavy, rC++ Str+3}
rCold   + + .        c - +0 buckler
rNeg    . . .        S - +0 plate armour
rPois   .            R - +2 hat {Stlth+}
rElec   .            Q - +1 cloak
rCorr   .            (no gloves)
SInv    .            (no boots)
Will    .....        h - amulet of guardian spirit Stlth
                     u - +5 ring of evasion
HPRegen 0.44/turn    A - +4 ring of protection
MPRegen 0.14/turn

%: guardian spirit
@: mighty, berserking, heroic, very quick
A: horns 2, retaliatory headbutt, hooves 1, clumsy 1, dopey 1
a: Renounce Religion, Heroism, Finesse, Duel


You were on level 2 of the Orcish Mines.
You worshipped Okawaru.
Okawaru was extremely pleased with you.
You visited 3 branches of the dungeon, and saw 13 of its levels.
You visited the Abyss 1 time.

You collected 767 gold pieces.

Inventory:

Hand Weapons
 y - a +3 antimagic spear
 B - the +7 mace "Natiran" (weapon) {heavy, rC++ Str+3}
   (You found it on level 3 of the Dungeon)

   Str:       It affects your strength (+3).
   rC:        It greatly protects you from cold.
 J - a +5 trident
 P - a +0 sling
Missiles
 m - 60 stones
 r - 11 poisoned darts
 E - 20 boomerangs (quivered)
Armour
 c - a +0 buckler (worn)
 p - a scarf of resistance
 Q - a +1 cloak (worn)
 R - a +2 hat of stealth (worn)
 S - a +0 plate armour (worn)
Jewellery
 b - a ring of fire
 h - an amulet of guardian spirit (around neck)
 u - a +5 ring of evasion (left hand)
 A - a +4 ring of protection (right hand)
 K - a ring of magical power
Wands
 H - a wand of polymorph (1)
 L - a wand of iceblast (3)
 O - a wand of flame (5)
Scrolls
 a - a scroll of magic mapping {unknown}
 f - 4 scrolls of fear
 g - 2 scrolls of vulnerability
 i - 2 scrolls of enchant armour
 j - 11 scrolls of teleportation
 k - 2 scrolls of enchant weapon
 l - 2 scrolls of blinking
 n - 2 scrolls of fog
 o - 3 scrolls of noise
 t - a scroll of immolation
 C - a scroll of silence
 G - a scroll of acquirement {unknown}
Potions
 d - a potion of might
 e - 3 potions of mutation
 q - 3 potions of magic
 s - 4 potions of curing
 v - 5 potions of degeneration
 w - 2 potions of ambrosia
 x - 3 potions of lignification
 D - 2 potions of resistance
 F - 3 potions of brilliance
 I - a potion of berserk rage
 M - 3 potions of attraction


   Skills:
 + Level 10.1(15.1) Fighting
 + Level 8.5(13.5) Short Blades
 + Level 9.8(14.8) Maces & Flails
 + Level 10.3(15.3) Armour
 + Level 10.0(15.0) Shields
 + Level 6.3 Invocations


You had 10 spell levels left.
You didn't know any spells.
Your spell library contained the following spells:

 Spells                   Type           Power      Damage    Failure   Level
 Slow                     Hex            0%         N/A       99%         1
 Poisonous Vapours        Pois/Air       0%         N/A       99%         2
 Confusing Touch          Hex            0%         N/A       100%        3
 Mephitic Cloud           Conj/Pois/Air  0%         N/A       100%        3
 Portal Projectile        Hex/Tloc       0%         N/A       100%        3
 Vampiric Draining        Necr           0%         2d6       100%        3
 Leda's Liquefaction      Hex/Erth       0%         N/A       100%        4
 Freezing Cloud           Conj/Ice/Air   0%         6-21      100%        5
 Call Canine Familiar     Summ           Unusable   N/A       N/A         3

Dungeon Overview and Level Annotations

Branches:
Dungeon (10/15)            Temple (1/1) D:5             Orc (2/2) D:9
   Lair: D:8-11         Elf: Orc:2

Altars:
Ashenzari
Cheibriados
Dithmenos
Elyvilon
Fedhas
Gozag
Hepliaklqana
Kikubaaqudgha
Makhleb
Nemelex Xobeh
Okawaru
Qazlal
Ru
Uskayaw
Vehumet
Wu Jian
Xom
Yredelemnul
Zin
The Shining One

Shops:
D:9 [

Annotations:
Orc:2 Donald, Maurice


Innate Abilities, Weirdness & Mutations

You have a pair of horns on your head.
You reflexively headbutt those who attack you in melee.
You have large cloven feet.
You are clumsy. (Dex -2)
You are dopey. (Int -2)


Message History

You sock Donald!
Donald is lightly wounded.
You block Donald's attack. Donald blocks your attack. x2
Donald is lightly wounded.
Donald hits you with a +2 war axe of freezing!
Donald freezes you.
You bludgeon Donald!! Donald blocks your attack.
Donald is moderately wounded.
A gnoll comes into view. It is wielding a +0 spear.
Donald winces.
Donald hits you with a +2 war axe of freezing.
Donald blocks your attack.
Your kick misses Donald.
Donald is moderately wounded.
Donald hits you with a +2 war axe of freezing!!
Donald freezes you. Something hits you but does no damage.
You hit Donald but do no damage. Your kick misses Donald.
Donald is moderately wounded.
Donald casts a spell.
Donald seems to grow stronger.
Something hits you but does no damage. Donald blocks your attack.
Your kick misses Donald.
Donald is moderately wounded.
Donald hits you but does no damage. Something hits you but does no damage.
Donald blocks your attack.
Your kick misses Donald.
Donald is moderately wounded.
Donald hits you with a +2 war axe of freezing!!!
* * * LOW HITPOINT WARNING * * *
Donald freezes you.
* * * LOW HITPOINT WARNING * * *
Something hits you but does no damage.
You feel very mighty all of a sudden. You block Donald's attack.
Something barely misses you.
It was a potion of berserk rage.
A red film seems to cover your vision as you go berserk!
You feel yourself moving faster!
You feel mighty!
A gnoll comes into view. It is wielding a +0 halberd.
A gnoll comes into view. It is wielding a +0 whip.
The gnoll completely misses you.
Donald hits you with a +2 war axe of freezing!!!
You die...

.....##....g
....#.....g
..........#
........#
###......#
#.....g..###
###.....$....#
#..)).@......#
#......@......#
.......##......
#...... #.....
.<..... ..$..
#...... ..##
###.... ..#
#.... ..#


You could see Donald (strong, reflecting) and 3 gnolls.

Vanquished Creatures
  Gastronok (Orc:1)
  A boulder beetle (D:9)
  An orc high priest (Orc:1)
  A sixfirhy (Abyss:2)
  An orc knight (D:9)
  A large abomination (Abyss:1)
  Joseph (D:8)
  Maggie (D:9)
  A komodo dragon (D:7)
  An ancient zyme (Abyss:2)
  3 trolls (D:9)
  Prince Ribbit (D:8)
  A hornet (D:9)
  A ynoxinul (Abyss:2)
  A wyvern (D:9)
  Grum (D:9)
  A steam dragon (D:8)
  A basilisk (D:8)
  Duvessa (D:5)
  A water moccasin (D:9)
  13 orc warriors
  A black bear (D:6)
  3 wolves
  3 ogres
  A centaur (D:6)
  A phantom (D:6)
  A gnoll sergeant (D:8)
  2 bullfrogs
  A small abomination (Abyss:1)
  3 scorpions
  16 wights
  Dowan (D:5)
  17 killer bees
  3 electric eels (D:8)
  A howler monkey (D:5)
  8 orc priests
  7 hounds
  A gnoll bouda (D:4)
  4 jellies
  20 orc wizards
  An iguana (D:7)
  Robin (D:3)
  16 gnolls
  5 adders
  A shadow imp (D:7)
  4 white imps
  An ufetubus (D:5)
  2 worms (D:4)
  6 dart slugs
  44 orcs
  8 ball pythons
  2 bats
  4 endoplasms
  A giant cockroach (D:3)
  11 goblins
  8 hobgoblins
  3 jackals (D:3)
  5 quokkas
  2 frilled lizards (D:1)
  10 kobolds
  8 rats
272 creatures vanquished.

Vanquished Creatures (others)
  11 plants
11 creatures vanquished.

Grand Total: 283 creatures vanquished

Notes
Turn   | Place    | Note
-------+----------+-------------------------------------------
     0 | D:1      | Metae the Minotaur Fighter began the quest for the Orb.
     0 | D:1      | Reached XP level 1. HP: 19/19 MP: 0/0
   665 | D:1      | Reached XP level 2. HP: 27/27 MP: 1/1
  1041 | D:2      | Reached XP level 3. HP: 33/33 MP: 2/2
  1175 | D:2      | Found an ancient bone altar of Kikubaaqudgha.
  1569 | D:3      | Reached skill level 1 in Short Blades
  1592 | D:3      | Reached XP level 4. HP: 25/40 MP: 1/3
  1986 | D:3      | Noticed Robin
  2010 | D:3      | Killed Robin
  2011 | D:3      | Reached XP level 5. HP: 19/47 MP: 1/4
  2180 | D:3      | Identified the +7 mace "Natiran" {heavy, rC++ Str+3}
  2712 | D:4      | Reached skill level 5 in Fighting
  2822 | D:4      | Reached XP level 6. HP: 54/56 MP: 5/5
  2935 | D:4      | Reached skill level 5 in Shields
  2942 | D:4      | Reached skill level 5 in Armour
  3195 | D:4      | Reached XP level 7. HP: 61/61 MP: 6/6
  3213 | D:5      | Entered Level 5 of the Dungeon
  3331 | D:5      | Reached skill level 5 in Maces & Flails
  3334 | D:5      | Gained mutation: You are clumsy. (Dex -2) [potion of
                  | mutation]
  3334 | D:5      | Gained mutation: You are dopey. (Int -2) [potion of
                  | mutation]
  3334 | D:5      | Gained mutation: You have large cloven feet. [potion of
                  | mutation]
  3543 | D:5      | Noticed Dowan
  3545 | D:5      | Noticed Duvessa
  3565 | D:5      | Killed Duvessa
  3567 | D:5      | Killed Dowan
  3823 | D:5      | Found a staircase to the Ecumenical Temple.
  3872 | D:5      | Reached XP level 8. HP: 71/71 MP: 7/7
  4151 | Temple   | Entered the Ecumenical Temple
  4360 | Temple   | Became a worshipper of Warmaster Okawaru
  4662 | D:6      | Reached skill level 1 in Invocations
  4813 | D:6      | Found an ornate altar of the Wu Jian Council.
  4928 | D:6      | Reached skill level 5 in Short Blades
  4932 | D:6      | Reached * piety under Okawaru
  5057 | D:6      | Reached XP level 9. HP: 78/79 MP: 9/9
  5186 | D:7      | Noticed a komodo dragon
  5196 | D:7      | Killed a komodo dragon
  6354 | D:8      | Noticed Prince Ribbit
  6376 | D:8      | Killed Prince Ribbit
  6376 | D:8      | Reached ** piety under Okawaru
  6468 | D:8      | Noticed Joseph
  6677 | D:8      | Killed Joseph
  6677 | Abyss:1  | Cast into level 1 of the Abyss (gnoll sergeant)
  6710 | Abyss:1  | Noticed a large abomination
  6721 | Abyss:1  | Killed a large abomination
  6722 | Abyss:1  | Reached XP level 10. HP: 67/89 MP: 7/11
  6808 | Abyss:1  | Noticed a starcursed mass
  6901 | Abyss:2  | Found a corrupted altar of Lugonu.
  6929 | Abyss:2  | Noticed a sixfirhy
  6939 | Abyss:2  | Killed a sixfirhy
  6944 | Abyss:2  | Reached *** piety under Okawaru
  6948 | D:8      | Escaped the Abyss
  7701 | D:8      | Found a glowing golden altar of the Shining One.
  8476 | D:9      | Reached **** piety under Okawaru
  8477 | D:9      | Reached skill level 5 in Invocations
  8479 | D:9      | Noticed Grum
  8620 | D:9      | Killed Grum
  8736 | D:9      | Identified the +0 robe of Autumn {Fly Dex+4}
  8764 | D:9      | Found a staircase to the Orcish Mines.
  8790 | D:9      | Found Seadoi's Armour Emporium.
  8813 | D:9      | You fall into a shaft and drop 1 floor!
  8813 | D:10     | Entered Level 10 of the Dungeon
  8926 | D:9      | Noticed Maggie
  8934 | D:9      | Killed Maggie
  8935 | D:9      | Reached XP level 11. HP: 97/97 MP: 14/14
  9222 | D:9      | Noticed a boulder beetle
  9241 | D:9      | Killed a boulder beetle
  9241 | D:9      | Reached ***** piety under Okawaru
  9547 | Orc:1    | Entered Level 1 of the Orcish Mines
  9547 | Orc:1    | Noticed Gastronok
  9547 | Orc:1    | Noticed an orc knight
  9584 | D:9      | Killed an orc knight
  9808 | D:9      | Reached skill level 10 in Armour
  9899 | Orc:1    | Killed Gastronok
  9900 | Orc:1    | Reached skill level 10 in Fighting
 10264 | Orc:2    | Entered Level 2 of the Orcish Mines
 10264 | Orc:2    | Noticed Donald
 10264 | Orc:2    | Noticed an orc high priest
 10281 | Orc:2    | Noticed Maurice
 10288 | Orc:1    | Killed an orc high priest
 10288 | Orc:1    | Received a gift from Okawaru
 10289 | Orc:1    | Reached skill level 10 in Shields
 10379 | Orc:2    | Demolished by Donald

Illustrated notes

Levels and vault maps discovered:
D:1:      wander_arrival_fairy_ring, layout_loops_ring, lexackson_kobold_supper
D:2:      layout_basic, basic_altar
D:3:      layout_rooms, serial_forest, infiniplex_forest_diagonal,
          infiniplex_forest_end_double, infiniplex_forest_end_1,
          infiniplex_forest_clump_medium, infiniplex_forest_zigzag_1,
          infiniplex_forest_straight_2, infiniplex_forest_lined_4_way,
          grunt_decor_resistance, uniq_robin
D:4:      layout_loops_cross, cheibrodos_gnoll_hut
D:5:      layout_basic, minmay_temple_entry_from_below_b, uniq_duvessa
D:6:      minmay_flawed_box, layout_loops_ring, mainiacjoe_overflow_chevrons,
          minivault_19
D:7:      layout_basic
D:8:      layout_basic, overflow_temple_1_default, disabler_island, uniq_joseph,
          uniq_prince_ribbit1
D:9:      layout_rooms, david_orc_2, serial_shops, nicolae_shop_window_shopping,
          serial_curves, eino_curves_03, eino_curves_02, eino_curves_04,
          nzn_sisyphean_effort, uniq_grum, uniq_maggie
D:10:     minmay_tri_box, layout_rooms, nzn_overflow_gifts_of_might_and_magic,
          erik_lair_island, hangedman_decor_opposing,
          kennysheep_decorative_pillar
Temple:   mainiacjoe_temple_bowtie_tessellation
Orc:1:    layout_caves, biasface_ghost_orc_armoury, basic_altar, uniq_gastronok,
          uniq_erica
Orc:2:    st_orc_ogre_mass, layout_diamond_mine, uniq_maurice, uniq_sonja,
          uniq_erolcha, uniq_donald

Skill      XL: |  1  2  3  4  5  6  7  8  9 10 11 |
---------------+----------------------------------+-----
Fighting       | 4 5 6 7 8 9 10 | 10.1
Maces & Flails | 3 4 5 6 7 9 |  9.8
Armour         | 4 5 6 7 8 9 10 | 10.3
Shields        | 4 5 6 7 8 9 10 | 10.0
Short Blades   | 1 2 3 4 5 6 7 8 |  8.5
Invocations    | 2 3 5 6 |  6.3

Action                     |  1- 3 |  4- 6 |  7- 9 | 10-12 || total
---------------------------+-------+-------+-------+-------++-------
  Melee: Flail             |    74 |    40 |       |       ||   114
         Headbutt          |     6 |     9 |    25 |    30 ||    70
         Mace              |       |    65 |   171 |   202 ||   438
         Kick              |       |       |    26 |    50 ||    76
  Throw: Stone             |     4 |       |       |       ||     4
         Boomerang         |       |       |       |    21 ||    21
 Invoke: Heroism           |       |       |     1 |     5 ||     6
  Evoke: Wand              |       |       |     3 |    10 ||    13
    Use: Potion            |       |       |     3 |     4 ||     7
         Scroll            |       |       |     7 |    10 ||    17
 Armour: Scale mail        |    39 |    16 |       |       ||    55
         Chain mail        |       |    30 |   115 |   130 ||   275
         Plate armour      |       |       |       |    16 ||    16
  Dodge: Dodged            |    48 |    78 |   135 |   241 ||   502
  Block: Buckler           |    27 |    40 |    63 |   102 ||   232
